 Dungeon Crawl Stone Soup version 0.31-a0-344-gd109795599 (webtiles) character file.

Game seed: 1843916530351536417

133 LeprechaunX the Ruffian (level 5, -2/33 HPs)
             Began as an Octopode Shapeshifter on July 21, 2023.
             Succumbed to an adder's poison
             ... on level 4 of the Dungeon.
             The game lasted 00:04:16 (2344 turns).

LeprechaunX the Ruffian (Octopode Shapeshifter)     Turns: 2344, Time: 00:04:16

Health: -2/33      AC:  1    Str: 17    XL:     5   Next: 16%
Magic:  5/5        EV: 13    Int: 10    God:
Gold:   210        SH:  0    Dex: 18    Spells: 4/4 levels left

rFire   . .          .
                       - Unarmed
rCold   . . .        (no shield)
rNeg    . . .        (helmet currently unavailable)
rPois   .            (no amulet)
rElec   .            f - +6 ring of dexterity
rCorr   .            (no ring)
SInv    .            (no ring)
Will    .....        (no ring)
Stlth   +++          (no ring)
HPRegen 0.25/turn    (no ring)
MPRegen 0.09/turn    (no ring)
                     (no ring)

%: no passive effects
@: lethally poisoned (-2 -> -14), beast-form
A: beast (slay +2), almost no armour, amphibious, 8 rings, camouflage 1,
gelatinous body 1, (nimble swimmer 1), tentacles
a: Begin Untransformation


You were on level 4 of the Dungeon.
You were a hulking beast.
You visited 1 branch of the dungeon, and saw 4 of its levels.

You collected 210 gold pieces.

Inventory:

Jewellery
 f - a +6 ring of dexterity (left tentacle)
Talismans
 b - a beast talisman
 s - a serpent talisman
Scrolls
 c - 3 scrolls of teleportation {unknown}
 d - 4 scrolls of amnesia {unknown}
 e - 5 scrolls of identify {unknown}
 i - a scroll of blinking {unknown}
 j - a scroll of enchant armour {unknown}
 q - a scroll of silence {unknown}
 r - a scroll of summoning {unknown}
Potions
 a - a potion of lignification
 g - 4 potions of curing {unknown}
 h - a potion of degeneration {unknown}
 k - a potion of cancellation {unknown}
 m - a potion of heal wounds {unknown}
 n - 2 potions of enlightenment {unknown}
 o - 2 potions of brilliance {unknown}
 p - a potion of invisibility {unknown}


   Skills:
 - Level 1.0 Fighting
 - Level 2.0 Dodging
 + Level 4.6 Unarmed Combat
 * Level 4.0 Shapeshifting


You had 4 spell levels left.
You didn't know any spells.
Your spell library contained the following spells:

 Spells                   Type           Power      Damage    Failure   Level
 Blink                    Tloc           0%         N/A       50%         2
 Frozen Ramparts          Ice            0%         1d1       75%         3
 Summon Guardian Golem    Hex/Summ       0%         N/A       75%         3
 Manifold Assault         Tloc           0%         N/A       98%         4
 Petrify                  Tmut/Erth      0%         N/A       98%         4
 Metabolic Englaciation   Hex/Ice        0%         N/A       100%        5
 Orb of Destruction       Conj           0%         9d5       100%        7
 Spellforged Servitor     Conj/Summ      0%         N/A       100%        7


Dungeon Overview and Level Annotations

Branches:
Dungeon (4/15)
 Temple: D:4-7

Altars:
Dithmenos
Elyvilon
Uskayaw

Shops:
D:3 ==(*[

Annotations:
D:3 1 runed translucent door, juan097's ghost, amateur BaHu


Innate Abilities, Weirdness & Mutations

You are a hulking beast.
Your limbs bulge with bestial killing power. (Slay +2)
You cannot wear most types of armour.
You are amphibious.
You can wear up to eight rings at the same time.
Your skin changes colour to match your surroundings (Stealth+).
Your rubbery body absorbs attacks. (AC +1, EV +1)
((You are camouflaged when in or above water. (Stealth+)))
You have tentacles for arms and can constrict up to eight enemies at once.


Message History

The adder hisses angrily.
A scorpion and an adder come into view.
The jackal barks! x2; You hear a shout! x5
A goblin comes into view. It is wielding a +0 dagger.
The adder hisses angrily.
You bludgeon the jackal!
You kill the jackal!
A jackal comes into view.
You barely miss the scorpion.
The jackal barks!
You grab the scorpion. You squeeze the scorpion.
The scorpion is moderately wounded.
You constrict the scorpion.
You hear a shout! x2
The scorpion stings you.
You are poisoned.
The scorpion poisons you!
A hobgoblin comes into view.
A goblin comes into view. It is wielding a +0 dagger.
A quokka comes into view.
The scorpion stings you.
You release your grip on the scorpion.
The scorpion attacks as you move away! The scorpion stings you.
You are more poisoned.
The scorpion poisons you!
You feel very sick. The adder bites you.
You are lethally poisoned!
The adder poisons you! The scorpion attacks as you move away!
The scorpion stings you.
* * * LOW HITPOINT WARNING * * *
You feel very sick. The adder misses you. The adder closely misses you.
There is a stone staircase leading up here.
* * * LOW HITPOINT WARNING * * *
You feel very sick. The adder bites you.
* * * LOW HITPOINT WARNING * * *
The adder attacks as you move away! The adder barely misses you.
You die...

.....#.# r ........
.g .......# ##g
.....# ..g
....###.###..
#..#.†......
###?####..#.#.####
.......h.S.s.......
#########S#h#......
#.#.#...... #.#.#
..... #.#.. ...#.
..... ### ......
......


You could see a scorpion, 2 adders and a jackal.

Vanquished Creatures
  6 adders (D:2)
  4 dart slugs
  8 ball pythons
  4 endoplasms
  2 giant cockroaches (D:1)
  5 hobgoblins
  A jackal (D:4)
  5 quokkas
  8 bats
  2 frilled lizards
  9 goblins
  10 kobolds
  4 rats
68 creatures vanquished.

Notes
Turn   | Place    | Note
-------+----------+-------------------------------------------
     0 | D:1      | LeprechaunX the Octopode Shapeshifter began the quest for
                  | the Orb.
     0 | D:1      | Reached XP level 1. HP: 13/13 MP: 1/1
    65 | D:1      | Reached XP level 2. HP: 18/18 MP: 2/2
   311 | D:1      | Reached XP level 3. HP: 23/23 MP: 3/3
   843 | D:2      | Found a faded altar of an unknown god.
   934 | D:2      | Reached XP level 4. HP: 28/28 MP: 4/4
  1784 | D:3      | Reached XP level 5. HP: 33/33 MP: 5/5
  1804 | D:3      | Found Koaniu's Antique Weapon Shop.
  1837 | D:3      | Found Ziojul's Antique Armour Shop.
  1870 | D:3      | Found Ygycepp's Jewellery Shop.
  1957 | D:3      | Found a runed translucent door.
  1957 | D:3      | Noticed juan097's ghost (amateur BaHu)
  1972 | D:3      | Found Osotwit's Jewellery Emporium.
  2094 | D:3      | Found Gyvec's Assorted Antiques.
  2181 | D:3      | Found a white marble altar of Elyvilon.
  2185 | D:3      | Found a shadowy altar of Dithmenos.
  2189 | D:3      | Found a hide-covered altar of Uskayaw.
  2293 | D:4      | Noticed a phantom
  2343 | D:4      | HP: 1/33 [adder (2)]
  2344 | D:4      | Succumbed to an adder's poison

Illustrated notes

Levels and vault maps discovered:
D:1:      tarquinn_simple_flora_water_c, layout_loops_cross,
          serial_bayou_pond_c, nicolae_the_louvre
D:2:      minmay_diamond_boxcup, layout_basic, nicolae_ecumenical_lake_church,
          serial_co_window_serial, co_window_corner_a,
          co_window_of_opportunity_a, co_window_of_opportunity_a,
          co_window_corner_a, co_window_paths_b, co_window_broadway_a,
          co_window_corner_b, co_window_paths_c, co_window_corner_cb,
          co_window_paths_d, glass_columns_a, glass_columns_c, glass_columns_a
D:3:      layout_rooms, grunt_temple_overflow_diamond, gammafunk_ghost_grave,
          serial_shops, shop, nicolae_shop_tiny_real_fake_doors, shop, shop,
          nicolae_lakefront_shop
D:4:      layout_basic, uniq_ijyb, uniq_crazy_yiuf_cottage, uniq_menkaure,
          uniq_sigmund, uniq_robin

Skill      XL: |  1  2  3  4  5 |
---------------+----------------+-----
Unarmed Combat | 4 |  4.6
Shapeshifting  | 4 |  4.0
Fighting       | |  1.0
Dodging        | |  2.0

Action                     |  1- 3 |  4- 6 || total
---------------------------+-------+-------++-------
  Melee: Unarmed           |    59 |    51 ||   110
         Constrict         |    15 |    14 ||    29
         Tentacles         |    11 |     6 ||    17
         Punch             |     2 |       ||     2
   Stab: Sleeping          |    12 |    14 ||    26
 Armour: Skin              |     3 |     4 ||     7
  Dodge: Dodged            |    31 |    22 ||    53

Table legend: (Time is in decaauts)
 A = Elapsed time spent in this place.
 B = Non-inter-level travel time spent in this place.
 C = Inter-level travel time spent in this place.
 D = Time resting spent in this place.
 E = Time spent auto-exploring this place.
 F = Levels seen in this place.
 G = Mean time per level.
                   A        B        C        D        E       F      G
               +--------+--------+--------+--------+--------+-----+--------+
         Total |   2334 |   2231 |    103 |      0 |   1804 |   4 |  583.5 |
       Dungeon |   2334 |   2231 |    103 |      0 |   1804 |   4 |  583.5 |
               +--------+--------+--------+--------+--------+-----+--------+

Top non-repeatable levels by time:
     D:2: 1066 daAuts
     D:1: 678 daAuts
     D:3: 579 daAuts
     D:4: 11 daAuts
